Map: Lightshade LE

Players

Lambo

  • Race: Zerg Zerg

Serral - Winner!

  • Race: Zerg Zerg

Event: DreamHack SC2 Masters 2021 Winter

VOD

Have the link to the VOD?

Description

Time

  • Played on: Oct. 12, 2021, 11:14 a.m.
  • Length: 7:05

All games in this series

Show
View Real Time Build Order
Export as new Build Order

Lambo Zerg 

Build Orders: Hatch First 

Get SALT Encoding   

  12  0:00  Drone  
  13  0:13  Overlord  
  13  0:18  Drone  
  14  0:32  Drone x2  
  16  0:47  Hatchery  
  15  0:51  Drone  
  15  0:54  Drone  
  17  0:57  Drone  
  18  1:08  Extractor  
  17  1:13  Spawning Pool  
  17  1:16  Drone  
  17  1:19  Drone  
  18  1:28  Drone  
  19  1:40  Drone  
  20  1:50  Drone  
  21  2:00  Queen x2  
  26  2:01  Zergling x2, Overlord  
  26  2:10  Metabolic Boost  
  26  2:11  Drone  
  26  2:12  Drone  
  28  2:21  Drone  
  29  2:23  Zergling x2  
  30  2:31  Drone  
  32  2:37  Drone  
  32  2:39  Hatchery  
  32  2:43  Drone  
  32  2:47  Baneling Nest  
  32  2:50  Overlord  
  31  2:54  Drone  
  32  2:59  Drone  
  32  3:02  Queen  
  35  3:06  Drone  
  35  3:11  Drone, Zergling x2  
  38  3:13  Drone  
  38  3:15  Drone  
  38  3:16  Zergling x2  
  41  3:21  Evolution Chamber  
  41  3:23  Drone  
  41  3:25  Overlord  
  41  3:28  Zergling x2  
  41  3:31  Baneling, Zergling x2  
  41  3:34  Drone  
  44  3:43  Overlord  
  44  3:45  Drone x4  
  48  3:49  Zerg Missile Weapons Level 1  
  48  3:50  Drone  
  48  3:52  Drone  
  50  4:00  Drone, Roach Warren  
  50  4:04  Drone x2  
  50  4:07  Drone x2  
  54  4:10  Extractor  
  54  4:12  Extractor  
  54  4:13  Drone x2  
  54  4:14  Overlord  
  54  4:16  Drone  
  55  4:20  Baneling x2  
  55  4:21  Zergling x4  
  55  4:24  Zergling x2, Baneling  
  58  4:27  Zergling x4  
  58  4:30  Baneling x2  
  59  4:33  Zergling x6  
  56  4:41  Drone x3  
  54  4:46  Roach x2  
  54  4:48  Overlord  
  54  4:51  Overlord  
  58  4:56  Overlord  
  58  4:58  Overlord  
  58  4:59  Roach  
  60  5:02  Overlord  
  59  5:09  Roach  
  59  5:10  Roach  
  63  5:20  Roach  
  63  5:21  Roach  
  66  5:26  Roach x2  
  70  5:31  Roach  
  72  5:38  Roach x2  
  72  5:39  Overlord  
  72  5:42  Roach  
  77  5:45  Roach  
  77  5:49  Zergling x16  
  87  5:55  Zergling x4  
  88  5:59  Zergling x6  
  88  6:03  Baneling x6  
  91  6:06  Zergling x2  
  91  6:10  Zergling x4  
  94  6:15  Zergling x4  
  94  6:17  Zergling x4  
  96  6:19  Zergling x2  
  96  6:25  Zergling x6  
  95  6:27  Zergling x2  
  95  6:30  Zergling x2  
  95  6:32  Ravager  
  79  6:33  Roach  
Show
View Real Time Build Order
Export as new Build Order

Serral Zerg - Winner!

Build Orders: Hatch First 

Get SALT Encoding   

  12  0:00  Drone  
  13  0:12  Overlord  
  13  0:16  Drone  
  14  0:30  Drone x2  
  16  0:47  Hatchery  
  15  0:50  Drone  
  15  0:54  Drone  
  17  0:57  Drone  
  18  1:08  Extractor  
  17  1:12  Spawning Pool  
  17  1:15  Drone  
  17  1:18  Drone  
  18  1:28  Drone  
  19  1:38  Drone  
  20  1:48  Drone  
  21  1:59  Queen x2  
  21  2:00  Zergling x2  
  21  2:01  Overlord  
  26  2:10  Drone x2  
  26  2:11  Metabolic Boost  
  28  2:20  Zergling x2  
  28  2:22  Drone  
  30  2:33  Hatchery  
  30  2:35  Drone  
  30  2:38  Drone  
  31  2:45  Baneling Nest  
  31  2:46  Drone  
  31  2:51  Overlord  
  31  2:54  Drone  
  31  2:55  Drone  
  33  3:01  Queen  
  35  3:05  Drone  
  35  3:10  Drone x2  
  35  3:11  Drone  
  39  3:15  Overlord  
  39  3:17  Zergling x2  
  40  3:20  Zergling x2  
  40  3:22  Zergling x2  
  40  3:25  Zergling x2  
  43  3:27  Evolution Chamber  
  43  3:29  Drone  
  43  3:32  Drone  
  44  3:35  Baneling  
  44  3:39  Drone  
  44  3:40  Drone x3  
  48  3:43  Overlord  
  48  3:45  Drone  
  49  3:53  Zerg Missile Weapons Level 1  
  49  3:56  Drone x2  
  49  4:00  Zergling x6  
  54  4:03  Zergling x2  
  54  4:07  Zergling x4  
  57  4:12  Zergling x10  
  57  4:13  Baneling x2  
  62  4:18  Roach Warren  
  62  4:20  Zergling x4  
  63  4:26  Drone x2  
  63  4:27  Drone  
  63  4:28  Baneling x2  
  63  4:39  Drone  
  63  4:42  Overlord  
  63  4:43  Drone x3  
  65  4:46  Overlord, Extractor x2  
  65  4:48  Overlord  
  65  4:51  Drone x2, Overlord x2  
  65  4:54  Overlord  
  65  4:58  Overlord  
  64  5:01  Roach x2  
  64  5:03  Baneling x2  
  68  5:08  Roach x2  
  68  5:14  Drone x3  
  74  5:18  Roach x2  
  79  5:26  Roach x3  
  84  5:28  Spine Crawler  
  84  5:30  Spine Crawler  
  84  5:31  Roach  
  84  5:43  Drone x2  
  86  5:53  Roach x3  
  86  5:54  Roach x4  
  100  5:58  Overlord  
  100  5:59  Roach  
  100  6:03  Roach  
  103  6:04  Baneling  
  103  6:06  Baneling  
  103  6:12  Roach  
  100  6:29  Roach x6  
  100  6:32  Roach  
  96  6:36  Roach  
  94  6:40  Zergling x2  
  94  6:41  Zergling x10  

Tags
 
Add a new tag
Caveats
  • Supply blocks, unpowered buildings, or Contaminate may cause inaccurate times.
  • Supply counts are checked every 10 seconds.